 Dungeon Crawl Stone Soup version 0.20.1-1-g8b1a95d (webtiles) character file.

18300 equalderp2856 the Severer (level 12, -13/110 HPs)
             Began as a Minotaur Fighter on Sept 26, 2017.
             Mangled by a freezing wraith (22 damage)
             ... on level 10 of the Dungeon.
             The game lasted 00:28:27 (12531 turns).

equalderp2856 the Severer (Minotaur Fighter)       Turns: 12531, Time: 00:28:27

Health: -13/110    AC: 17    Str: 28    XL:     12   Next: 26%
Magic:  11/11      EV:  8    Int:  7    God:
Gold:   793        SH: 13    Dex: 11    Spells: 11/11 levels left

rFire    . . .     SeeInvis +   J - +0 broad axe
rCold    . . .     Gourm    .   c - +1 shield
rNeg     . . .     Faith    .   H - +0 plate armour
rPois    .         Spirit   .   (helmet restricted)
rElec    .         Reflect  .   (no cloak)
rCorr    .         Harm     .   a - +1 pair of gloves {archery}
MR       .....                  (no boots)
Stlth    ..........             e - amulet of regeneration
Regen    0.7/turn               V - +3 ring of slaying
MPRegen  0.2/turn               S - ring of see invisible

@: mighty, about to teleport, slowed, very slow
A: retaliatory headbutt, horns 2, clumsy 1, mutation resistance 1, strong 1
a: no special abilities


You were on level 10 of the Dungeon.
You were very hungry.

You visited 1 branch of the dungeon, and saw 10 of its levels.

You collected 793 gold pieces.

Inventory:

Hand Weapons
 I - a +2 battleaxe of flaming
 J - a +0 broad axe (weapon)
 L - a +0 hand axe of electrocution
 Z - a +0 trident
Armour
 a - a +1 pair of gloves of archery (worn)
 c - a +1 shield (worn)
 H - a +0 plate armour (worn)
Jewellery
 b - the ring "Setaur" {*Slow rN+++ MP+9}
   (You took it off a centaur on level 10 of the Dungeon)

   [ring of magical power]

   It renders you almost immune to negative energy.
   It affects your magic capacity (+9).
   It may slow you when you take damage.
 e - an amulet of regeneration (around neck)
 E - an uncursed ring of fire
 S - a ring of see invisible (right hand)
 U - a +2 ring of strength
 V - a +3 ring of slaying (left hand)
 W - an uncursed amulet of the gourmand
Wands
 y - a wand of acid (0/15)
 D - a wand of iceblast (3/15)
 R - a wand of disintegration (0/24)
Scrolls
 i - 2 scrolls of enchant armour
 j - 4 scrolls of fog
 k - a scroll of fear
 m - a scroll of magic mapping {unknown}
 p - 7 scrolls of identify
 q - a scroll of remove curse
 v - 2 scrolls of brand weapon {unknown}
 w - a scroll of immolation {unknown}
 x - 2 scrolls of teleportation
 B - 2 scrolls of amnesia
 G - 2 scrolls of enchant weapon {unknown}
 K - a scroll of random uselessness {unknown}
 Q - 2 scrolls of acquirement {unknown}
Potions
 d - a potion of might
 g - 2 potions of resistance {unknown}
 h - 2 potions of heal wounds
 l - 2 potions of lignification {unknown}
 n - 2 potions of haste {unknown}
 o - a potion of cancellation {unknown}
 r - 3 potions of agility
 z - 2 potions of curing
 A - a potion of mutation
 C - a potion of degeneration {unknown}
 F - 2 potions of brilliance {unknown}
 O - a potion of flight {unknown}
 P - a potion of berserk rage {unknown}
Books
 u - a book of Misfortune

   Spells                             Type                      Level
   a - Confusing Touch                Hexes                        1
   b - Confuse                        Hexes                        3
   c - Gell's Gravitas                Translocation                3
   d - Petrify                        Transmutation/Earth          4
   e - Metabolic Englaciation         Hexes/Ice                    5
   f - Yara's Violent Unravelling     Hexes/Transmutation          5
 M - a book of Changes

   Spells                             Type                      Level
   a - Beastly Appendage              Transmutation                1
   b - Sticks to Snakes               Transmutation                2
   c - Spider Form                    Transmutation/Poison         3
   d - Ice Form                       Ice/Transmutation            4
   e - Blade Hands                    Transmutation                5
 T - a book of Power

   Spells                             Type                      Level
   a - Iskenderun's Battlesphere      Conjuration/Charms           5
   b - Venom Bolt                     Conjuration/Poison           5
   c - Bolt of Magma                  Conjuration/Fire/Earth       5
   d - Iron Shot                      Conjuration/Earth            6
   e - Orb of Destruction             Conjuration                  7
   f - Spellforged Servitor           Conjuration/Summoning        7
 X - a book of Battle

   Spells                             Type                      Level
   a - Infusion                       Charms                       1
   b - Shroud of Golubria             Charms/Translocation         2
   c - Song of Slaying                Charms                       2
   d - Spectral Weapon                Hexes/Charms                 3
   e - Regeneration                   Charms/Necromancy            3
 Y - a book of Clouds

   Spells                             Type                      Level
   a - Poisonous Vapours              Poison/Air                   2
   b - Mephitic Cloud                 Conjuration/Poison/Air       3
   c - Conjure Flame                  Conjuration/Fire             3
   d - Freezing Cloud                 Conjuration/Ice/Air          6
   e - Ring of Flames                 Charms/Fire                  7
Comestibles
 f - 9 bread rations
 s - 12 royal jellies
 t - 4 meat rations
 N - 5 fruits


   Skills:
 + Level 11.0 Fighting
 + Level 15.3 Axes
 + Level 11.9 Armour
 + Level 4.0 Dodging
 + Level 1.6 Stealth
 + Level 8.7 Shields
 + Level 1.0 Evocations


You had 11 spell levels left.
You didn't know any spells.

Dungeon Overview and Level Annotations

Branches:
Dungeon (10/15)            Temple (0/1) D:4            Lair (0/6) D:9
    Orc (0/2) D:10

Altars:
Ashenzari
Dithmenos
Fedhas
Gozag
Hepliaklqana
Kikubaaqudgha
Makhleb
Nemelex Xobeh
Okawaru
Ru
Trog
Xom
Yredelemnul

Annotations:
D:10 1 runed door, appiemonkey's ghost, journeyman MiWn


Innate Abilities, Weirdness & Mutations

You reflexively headbutt those who attack you in melee.
You have a pair of horns on your head.
You are clumsy. (Dex -2)
You are somewhat resistant to further mutation.
Your muscles are strong. (Str +2)


Message History

You feel as though you will be slow longer.
The freezing wraith hits you. The freezing wraith freezes you!
The freezing wraith hits you but does no damage.
Unknown command.
You barely miss the freezing wraith. The freezing wraith hits you!
The freezing wraith freezes you! The freezing wraith closely misses you.
You slice the freezing wraith!!
Your headbutt misses the freezing wraith.
The freezing wraith is heavily damaged.
The freezing wraith hits you.
* * * LOW HITPOINT WARNING * * *
The freezing wraith freezes you!!
* * * LOW HITPOINT WARNING * * *
The freezing wraith hits you but does no damage.
The freezing wraith barely misses you. The freezing wraith closely misses you.
As you read the scroll of teleportation, it crumbles to dust.
You feel strangely unstable. The freezing wraith hits you.
* * * LOW HITPOINT WARNING * * *
The freezing wraith freezes you!!
You die...

.......()....)...................
÷...[/..#######.###.##.#####.....
...####...### #.....##.# #.....
...# ###...###.######.# #####.
...# ###...#.## #.# #. ...#..#
###....#####.# ## ...#
#:):#######...#...########## ...#
#}.)((.'###...#........... ...#
#}}:######W@###.(.##########
#..#..# ##'##..###..)###.....
#..# ##.#?###..###....†#### #..#
##.##...###..###...))). #..#
##)###.....+..(.'.######
#.[#######[## #.[.###..###.# ####
#(.#......## #/###..####'.###...
#..#######.## ###..####..#..##...
#....### ##.###..####.##.#.......


You could see a freezing wraith.

Vanquished Creatures
  2 centaur warriors (D:10)
  An ogre mage (D:10)
  8 two-headed ogres
  The ghost of manyhoops the Carver, a novice DgAE (D:9)
  Pikel (D:5)
  A manticore (D:10)
  Psyche (D:8)
  A spiny frog (shapeshifter) (D:10)
  A hornet (D:9)
  3 trolls
  2 hippogriffs (D:10)
  A shadow (D:10)
  A wyvern (D:8)
  9 yaks (D:9)
  A hungry ghost (D:8)
  The ghost of arta the Firebug, an amateur HuFE (D:3)
  A soldier ant (D:9)
  3 porcupines (D:9)
  2 water moccasins
  11 orc warriors
  2 black bears
  8 ogres
  A phantom (D:4)
  2 necrophages
  4 centaurs
  4 crocodiles
  2 gnoll sergeants
  5 bullfrogs
  A water moccasin zombie (D:7)
  4 scorpions
  4 wights
  5 howler monkeys
  3 crimson imps (D:7)
  2 quasits
  4 jellies
  A bullfrog skeleton (D:4)
  2 hounds
  A centaur skeleton (D:9)
  11 orc priests
  12 orc wizards
  Jessica (D:2)
  3 iguanas
  13 worker ants
  A killer bee zombie (D:10)
  A hound skeleton (D:4)
  11 gnolls
  6 adders
  A howler monkey skeleton (D:4)
  3 shadow imps
  2 oozes
  An adder skeleton (D:9)
  An adder zombie (D:7)
  3 worms
  14 dart slugs
  3 leopard geckos
  69 orcs
  A ball python (D:3)
  6 bats
  5 giant cockroaches
  6 goblins
  5 hobgoblins
  5 jackals (D:4)
  5 quokkas
  6 frilled lizards
  A giant cockroach zombie (D:4)
  A jackal skeleton (D:4)
  5 kobolds
  A quokka skeleton (D:4)
  8 rats
318 creatures vanquished.

Vanquished Creatures (others)
  A howler monkey (D:5)
  2 plants (D:9)
3 creatures vanquished.

Grand Total: 321 creatures vanquished

Notes
Turn   | Place    | Note
-------+----------+-------------------------------------------
     0 | D:1      | equalderp2856 the Minotaur Fighter began the quest for the Orb.
     0 | D:1      | Reached XP level 1. HP: 19/19 MP: 0/0
    55 | D:1      | Reached XP level 2. HP: 18/27 MP: 1/1
   527 | D:2      | Noticed Jessica
   547 | D:2      | Killed Jessica
   547 | D:2      | Reached skill level 3 in Axes
   547 | D:2      | Reached XP level 3. HP: 19/33 MP: 2/2
   691 | D:2      | Found an opulent altar of Gozag.
   852 | D:2      | Reached XP level 4. HP: 39/40 MP: 3/3
  1025 | D:2      | Found a sacrificial altar of Ru.
  1026 | D:2      | Found a hazy altar of Hepliaklqana.
  1030 | D:2      | Found a sparkling altar of Nemelex Xobeh.
  1311 | D:3      | Noticed arta's ghost (amateur HuFE)
  1312 | D:3      | Reached skill level 4 in Axes
  1405 | D:3      | Killed arta's ghost
  1405 | D:3      | Reached skill level 5 in Axes
  1405 | D:3      | Reached XP level 5. HP: 42/47 MP: 4/4
  1427 | D:3      | Found an ancient bone altar of Kikubaaqudgha.
  1520 | D:3      | Found a faded altar of an unknown god.
  1799 | D:3      | Reached XP level 6. HP: 36/53 MP: 5/5
  2417 | D:4      | Reached skill level 5 in Armour
  2417 | D:4      | Reached skill level 5 in Shields
  2707 | D:4      | Reached skill level 5 in Fighting
  2707 | D:4      | Reached skill level 6 in Axes
  2707 | D:4      | Reached skill level 1 in Dodging
  2707 | D:4      | Reached XP level 7. HP: 49/61 MP: 6/6
  3069 | D:4      | Found a staircase to the Ecumenical Temple.
  3210 | D:4      | Reached skill level 7 in Axes
  4045 | D:5      | Entered Level 5 of the Dungeon
  4155 | D:5      | Reached XP level 8. HP: 66/70 MP: 7/7
  4250 | D:5      | Found a blossoming altar of Fedhas.
  4295 | D:5      | Reached skill level 8 in Axes
  4369 | D:5      | Found an iron altar of Okawaru.
  4471 | D:5      | Noticed Pikel
  4494 | D:5      | Killed Pikel
  4494 | D:5      | Reached skill level 9 in Axes
  5044 | D:6      | Found a burning altar of Makhleb.
  5055 | D:6      | Found a shimmering altar of Xom.
  5096 | D:6      | Reached XP level 9. HP: 64/78 MP: 8/8
  5418 | D:6      | Found a basalt altar of Yredelemnul.
  5625 | D:6      | Reached skill level 10 in Axes
  6131 | D:7      | Found a bloodstained altar of Trog.
  6131 | D:7      | Found a shadowy altar of Dithmenos.
  6803 | D:8      | Found a shattered altar of Ashenzari.
  6927 | D:8      | Noticed Psyche
  6936 | D:8      | Killed Psyche
  6936 | D:8      | Reached skill level 11 in Axes
  6936 | D:8      | Reached skill level 1 in Stealth
  7151 | D:8      | Reached XP level 10. HP: 69/88 MP: 9/9
  7214 | D:8      | Found a shimmering altar of Xom.
  7376 | D:8      | Found an ancient bone altar of Kikubaaqudgha.
  7454 | D:8      | Found a shimmering altar of Xom.
  7567 | D:8      | Found a shimmering altar of Xom.
  7567 | D:8      | Found a shimmering altar of Xom.
  7569 | D:8      | Found a shimmering altar of Xom.
  8004 | D:9      | Noticed manyhoops's ghost (novice DgAE)
  8021 | D:9      | Killed manyhoops's ghost
  8021 | D:9      | Reached skill level 12 in Axes
  9133 | D:9      | Reached skill level 10 in Armour
  9137 | D:9      | Reached skill level 13 in Axes
  9356 | D:9      | Reached XP level 11. HP: 37/97 MP: 10/10
  9651 | D:9      | Noticed a two-headed ogre
  9664 | D:9      | Killed a two-headed ogre
  9715 | D:9      | Found a staircase to the Lair.
  9935 | D:10     | Entered Level 10 of the Dungeon
  9948 | D:10     | Noticed appiemonkey's ghost (journeyman MiWn)
  9966 | D:9      | HP: 1/99 [poisoned by appiemonkey's ghost]
 10543 | D:10     | Found a staircase to the Orcish Mines.
 10759 | D:10     | Noticed a two-headed ogre
 10760 | D:10     | Noticed a two-headed ogre
 10760 | D:10     | Found a runed door.
 10774 | D:10     | Killed a two-headed ogre
 10774 | D:10     | Reached skill level 14 in Axes
 10780 | D:10     | Killed a two-headed ogre
 10780 | D:10     | Reached skill level 10 in Fighting
 10823 | D:10     | Noticed a two-headed ogre
 10850 | D:10     | Noticed an ogre mage
 10858 | D:10     | Noticed a two-headed ogre
 10860 | D:10     | Noticed a two-headed ogre
 10863 | D:10     | Killed a two-headed ogre
 10863 | D:10     | Killed an ogre mage
 10869 | D:10     | Noticed a two-headed ogre
 10870 | D:10     | Killed a two-headed ogre
 10870 | D:10     | Reached skill level 1 in Evocations
 11392 | D:10     | Killed a two-headed ogre
 11660 | D:10     | Killed a two-headed ogre
 11897 | D:10     | Noticed a centaur warrior
 11898 | D:10     | Noticed a centaur warrior
 11899 | D:10     | Noticed a death knight
 11905 | D:10     | Reached skill level 15 in Axes
 11910 | D:10     | Reached XP level 12. HP: 71/108 MP: 11/11
 11917 | D:10     | Killed a centaur warrior
 12069 | D:10     | Noticed a two-headed ogre
 12074 | D:10     | Killed a two-headed ogre
 12108 | D:10     | Got a flickering jade ring
 12119 | D:10     | Identified the ring "Setaur" {*Slow rN+++ MP+9} (You took it off a centaur on level 10 of the Dungeon)
 12160 | D:10     | Killed a centaur warrior
 12527 | D:10     | Gained mutation: You are clumsy. (Dex -2) [potion of mutation]
 12527 | D:10     | Gained mutation: Your muscles are strong. (Str +2) [potion of mutation]
 12527 | D:10     | Gained mutation: You are somewhat resistant to further mutation. [potion of mutation]
 12531 | D:10     | Mangled by a freezing wraith

Skill      XL: |  1  2  3  4  5  6  7  8  9 10 11 12 |
---------------+-------------------------------------+-----
Shields        | 4 5 7 8 |  8.7
Fighting       | 4 5 6 7 9 10 11 | 11.0
Axes           | 3 5 6 7 9 11 13 15 | 15.3
Armour         | 4 5 6 8 10 11 | 11.9
Dodging        | 1 2 3 4 |  4.0
Stealth        | 1 |  1.6
Evocations     | 1 |  1.0

Action                   |  1- 3 |  4- 6 |  7- 9 | 10-12 || total
-------------------------+-------+-------+-------+-------++-------
Melee: War axe           |    77 |   115 |   229 |    14 ||   435
       Headbutt          |    13 |    23 |    63 |   108 ||   207
       Broad axe         |       |       |   120 |   464 ||   584
Evoke: Wand              |       |       |     1 |     6 ||     7
  Use: Scroll            |       |     3 |     1 |     7 ||    11
       Potion            |       |       |       |     5 ||     5
  Eat: Chunk             |       |     4 |    14 |    19 ||    37
       Fruit             |       |       |     2 |       ||     2
       Royal jelly       |       |       |     1 |       ||     1
Armor: Scale mail        |    28 |    39 |    68 |       ||   135
       Plate armour      |       |       |    81 |   252 ||   333
Dodge: Dodged            |    24 |    36 |   104 |   143 ||   307
Block: Shield            |    32 |    71 |   131 |    77 ||   311
